 Dungeon Crawl Stone Soup version 0.20.1-1-g8b1a95d (console) character file.

165 vuolankoinen the Sneak (level 5, -23/34 HPs)
             Began as an Octopode Enchanter on Nov 25, 2017.
             Annihilated by an ogre
             ... wielding a +0 giant spiked club
              (27 damage)
             ... on level 4 of the Dungeon.
             The game lasted 00:15:00 (3169 turns).

vuolankoinen the Sneak (Octopode Enchanter)         Turns: 3169, Time: 00:15:00

Health: -23/34     AC:  1    Str:  8    XL:     5   Next: 46%
Magic:  8/8        EV: 13    Int: 17    God:
Gold:   66         SH:  0    Dex: 13    Spells: 1/8 levels left

rFire    . . .     SeeInvis .   a - +1 dagger
rCold    . . .     Gourm    .   (no shield)
rNeg     . . .     Faith    .   (helmet restricted)
rPois    .         Spirit   .   (no amulet)
rElec    .         Reflect  .   (no ring)
rCorr    .         Harm     .   (no ring)
MR       .....                  (no ring)
Stlth    ++++......             (no ring)
Regen    0.2/turn               (no ring)
MPRegen  0.2/turn               (no ring)
                                (no ring)
                                (no ring)

@: about to teleport
A: almost no armour, stealthy swim, amphibious, 8 rings, constrict 8, camouflage
1, gelatinous body 1
a: no special abilities


You were on level 4 of the Dungeon.
You were not hungry.

You visited 1 branch of the dungeon, and saw 4 of its levels.

You collected 66 gold pieces.

Inventory:

Hand Weapons
 a - a +1 dagger (weapon)
 n - a +0 blowgun
Missiles
 o - 16 poisoned needles
Jewellery
 k - an uncursed ring of loudness
Scrolls
 d - 2 scrolls of remove curse
 e - 3 scrolls of identify {unknown}
 f - a scroll of amnesia
 j - a scroll of enchant armour {unknown}
 r - a scroll of blinking {unknown}
Potions
 g - a potion of might {unknown}
 h - a potion of magic {unknown}
 l - a potion of heal wounds {unknown}
 m - a potion of curing {unknown}
Books
 b - a book of Maledictions

   Spells                             Type                      Level
   a - Corona                         Hexes                        1
   b - Ensorcelled Hibernation        Hexes/Ice                    2
   c - Confuse                        Hexes                        3
   d - Tukima's Dance                 Hexes                        3
   e - Dazzling Spray                 Conjuration/Hexes            3
 p - a book of Callings

   Spells                             Type                      Level
   a - Summon Small Mammal            Summoning                    1
   b - Call Imp                       Summoning                    2
   c - Call Canine Familiar           Summoning                    3
   d - Summon Guardian Golem          Hexes/Summoning              3
   e - Summon Lightning Spire         Summoning/Air                4
   f - Summon Ice Beast               Ice/Summoning                4
Comestibles
 c - 3 bread rations
 i - a meat ration


   Skills:
 * Level 2.0 Fighting
 + Level 2.1 Short Blades
 + Level 2.0 Dodging
 + Level 6.6 Stealth
 + Level 2.2 Spellcasting
 - Level 3.0 Hexes
 - Level 1.0 Ice Magic


You had one spell level left.
You knew the following spells:

 Your Spells              Type           Power        Failure   Level  Hunger
a - Corona                Hex            ##.....      5%          1    #......
b - Ensorcelled Hibernat  Hex/Ice        #.....       13%         2    ###....
c - Confuse               Hex            ##......     17%         3    ###....
d - Summon Small Mammal   Summ           #...         19%         1    #......


Dungeon Overview and Level Annotations

Branches:
Dungeon (4/15)
 Temple: D:4-7

Altars:
Nemelex Xobeh
Ru
The Shining One

Shops:
D:4 =

Annotations:
D:3 Sigmund
D:4 exclusion: ogre


Innate Abilities, Weirdness & Mutations

You cannot wear most types of armour.
You are very stealthy in the water. (Stealth+)
You are amphibious.
You can wear up to eight rings at the same time.
You can use your tentacles to constrict eight enemies at once.
Your skin changes colour to match your surroundings (Stealth+).
Your rubbery body absorbs attacks. (AC +1, EV +1)


Message History

The ogre hits you with a giant spiked club!
You hit the ogre. Your squeeze misses the ogre.
The ogre is almost dead.
The ogre hits you with a giant spiked club! x2
* * * LOW HITPOINT WARNING * * *
Okay, then.
Unknown command.
Okay, then.
Unknown command.
As you read the scroll labeled NAIBRAUTSE, it crumbles to dust.
It is a scroll of amnesia.
Forget which spell ([?*] list [ESC] exit)?
Forget which spell ([?*] list [ESC] exit)?
Okay, then.
You see here a scroll labeled ONYSUEKHIEZA.
As you read the scroll labeled IPLOYCR ABBIFANGYT, it crumbles to dust.
You feel strangely unstable.
It was a scroll of teleportation.
The ogre hits you with a giant spiked club!!
Ouch! That really hurt!
You die...

####.# #.#
........... #....#
#....#...... #.####
#.# #.# #.#
####+###### #.#
#...!.....# #.#
#...?.....# #.#
#.........# #.#
#<........# #.#
#@O.......# #.#
#.O.......#
#.######.........#
#......#.........#.
######.#.?.........
#.####'##.....
#.#....# ....
#.#.##### ...
#.......# .
###.###.... #.# ..


You could see 2 ogres.

Vanquished Creatures
  An orc wizard (D:3)
  4 adders
  An ooze (D:3)
  A worm (D:3)
  2 dart slugs
  4 leopard geckos
  11 orcs (D:3)
  3 giant cockroaches
  8 goblins
  9 hobgoblins
  5 jackals
  2 quokkas
  3 bats
  4 frilled lizards
  10 kobolds
  4 rats
72 creatures vanquished.

Notes
Turn   | Place    | Note
-------+----------+-------------------------------------------
     0 | D:1      | vuolankoinen the Octopode Enchanter began the quest for the Orb.
     0 | D:1      | Reached XP level 1. HP: 11/11 MP: 3/3
   186 | D:1      | Reached XP level 2. HP: 18/18 MP: 5/5
   190 | D:1      | Learned a level 2 spell: Ensorcelled Hibernation
   861 | D:2      | Reached skill level 1 in Ice Magic
   861 | D:2      | Reached XP level 3. HP: 22/22 MP: 3/6
   892 | D:2      | Reached skill level 1 in Fighting
   908 | D:2      | Reached skill level 5 in Stealth
   935 | D:2      | Found a glowing golden altar of the Shining One.
  1328 | D:2      | Reached XP level 4. HP: 27/28 MP: 7/7
  1847 | D:3      | Found a sparkling altar of Nemelex Xobeh.
  1862 | D:3      | Reached skill level 6 in Stealth
  1883 | D:2      | Learned a level 3 spell: Confuse
  1915 | D:3      | Reached XP level 5. HP: 32/34 MP: 2/8
  2486 | D:4      | Found Isip's Jewellery Shop.
  2617 | D:4      | Learned a level 1 spell: Summon Small Mammal
  2679 | D:3      | Found a sacrificial altar of Ru.
  2683 | D:3      | Noticed Sigmund
  2974 | D:4      | Noticed an ogre
  3157 | D:4      | Noticed an ogre
  3158 | D:4      | Noticed an ogre
  3169 | D:4      | Annihilated by an ogre

Skill      XL: |  1  2  3  4  5 |
---------------+----------------+-----
Ice Magic      | 1 |  1.0
Fighting       | 1 2 |  2.0
Stealth        | 5 6 |  6.6
Short Blades   | 2 |  2.1
Dodging        | |  2.0
Spellcasting   | |  2.2
Hexes          | |  3.0

Action                   |  1- 3 |  4- 6 || total
-------------------------+-------+-------++-------
Melee: Dagger            |    63 |    97 ||   160
       Constrict         |    13 |    19 ||    32
       Tentacles         |     7 |    10 ||    17
 Cast: Ensorcelled Hiber |     9 |    18 ||    27
       Corona            |     2 |     3 ||     5
  Use: Scroll            |       |     3 ||     3
 Stab: Sleeping          |    16 |    15 ||    31
       Distracted        |       |     2 ||     2
  Eat: Chunk             |     2 |     7 ||     9
Armor: Skin              |     1 |     4 ||     5
Dodge: Dodged            |    30 |    52 ||    82
